 Dungeon Crawl Stone Soup version 0.30-b1-2-g02819fbbbe (webtiles) character file.

Game seed: 41994397393862252

40 NeyKoZ the Trooper (level 3, -7/34 HPs)
             Began as a Minotaur Berserker on Sept 2, 2023.
             Was a Follower of Trog.
             Killed by divine providence
             ... invoked by an orc priest
              (13 damage)
             ... on level 3 of the Dungeon.
             The game lasted 00:12:57 (1290 turns).

NeyKoZ the Trooper (Minotaur Berserker)             Turns: 1290, Time: 00:12:57

Health: -7/34      AC:  5    Str: 23    XL:     3   Next: 30%
Magic:  2/2        EV: 11    Int:  4    God:    Trog [*.....]
Gold:   30         SH:  0    Dex:  9    Spells: 2/2 levels left

rFire   . . .        a - +0 mace
rCold   . . .        (no shield)
rNeg    + . .        g - +0 ring mail
rPois   .            (helmet restricted)
rElec   .            (no cloak)
rCorr   .            (no gloves)
SInv    .            (no boots)
Will    .....        (no amulet) Stlth
                     c - ring of positive energy
HPRegen 0.25/turn    (no ring)
MPRegen 0.08/turn

%: no passive effects
@: no status effects
A: horns 2, retaliatory headbutt
a: Renounce Religion, Berserk


You were on level 3 of the Dungeon.
You worshipped Trog.
Trog was aware of your devotion.
You visited 1 branch of the dungeon, and saw 3 of its levels.

You collected 30 gold pieces.

Inventory:

Hand Weapons
 a - a +0 mace (weapon)
 e - a +0 whip
 k - a +0 whip
 l - a +0 dagger
 n - a +0 dagger of venom
 o - a +0 quarterstaff
 s - a +0 whip
 t - a +0 trident
Armour
 b - a +0 animal skin
 g - a +0 ring mail (worn)
 h - a +0 robe
 i - a +0 leather armour
 p - a +0 robe
 r - a +0 ring mail
Jewellery
 c - a ring of positive energy (left hand)
Scrolls
 d - 2 scrolls of fog {unknown}
 f - a scroll of butterflies {unknown}
Potions
 j - 2 potions of lignification {unknown}
 m - a potion of degeneration {unknown}
 q - a potion of might {unknown}


   Skills:
 + Level 4.5 Fighting
 + Level 4.4 Maces & Flails
 + Level 2.6 Armour
 + Level 2.3 Dodging


You had 2 spell levels left.
You didn't know any spells.
Your spell library contained the following spells:

 Spells                   Type           Power      Damage    Failure   Level
 Necrotise                Necr           0%         1d4       65%         1
 Lesser Beckoning         Tloc           0%         N/A       80%         2
 Gell's Gravitas          Tloc           0%         N/A       95%         3
 Inner Flame              Hex/Fire       0%         N/A       95%         3
 Teleport Other           Tloc           0%         N/A       95%         3
 Vampiric Draining        Necr           0%         2d6       95%         3
 Agony                    Necr           0%         N/A       100%        5
 Yara's Violent Unravell  Hex/Tmut       0%         3d3       100%        5
 Enfeeble                 Hex            0%         N/A       100%        7


Dungeon Overview and Level Annotations

Branches:
Dungeon (3/15)

Altars:

Annotations:
D:3 Grinder


Innate Abilities, Weirdness & Mutations

You have a pair of horns on your head.
You reflexively headbutt those who attack you in melee.


Message History

The orc barely misses you.
A gnoll comes into view. It is wielding a +0 spear.
The orc attacks as you move away! The orc completely misses you.
The ball python attacks as you move away!
The ball python closely misses you. You furiously retaliate!
You headbutt the ball python, but do no damage.
The orc priest hits you with a +0 flail.
The orc priest begins to cast a cantrip, but forgets the words!
Grinder comes into view.
Grinder shouts!
A gnoll comes into view. It is wielding a +0 whip.
The orc priest invokes the aid of Beogh against you.
Beogh smites you!
The orc priest looks encouraged for a moment.
The ball python bites you. The ball python closely misses you.
You sock the ball python!
You kill the ball python!
Trog accepts your kill. The orc barely misses you.
The orc hits you with a +0 dagger.
An orc comes into view.
It is wielding the +5 whip "Yhapos" {venom, Str+4 Dex+3}.
The orc priest begins to cast a cantrip, but forgets the words!
A gnoll comes into view. It is wielding a +0 flail.
The orc misses you. You furiously retaliate!
You headbutt the orc!
You kill the orc!
Trog accepts your kill.
The gnoll hits you from afar with a +0 spear.
The orc priest attacks as you move away!
The orc priest completely misses you. The orc attacks as you move away!
The orc hits you but does no damage. The gnoll closely misses you.
Found a morningstar.
The gnoll hits you from afar with a +0 spear.
The orc priest attacks as you move away!
The orc priest barely misses you.
The orc priest invokes the aid of Beogh against you.
Pain shoots through your body!
* * * LOW HITPOINT WARNING * * *
Found a colourful robe.
The orc priest mumbles some strange prayers to Beogh against you.
Beogh smites you!
You die...

########################
[.)....@.ooog.†.....†...
##########og.)..>.......
.............).)..
####oo............
#..............
..5.............
.oo..............
g............>...


You could see an orc priest, a gnoll, 3 orcs and a hobgoblin.

Vanquished Creatures
  An adder (D:3)
  A dart slug (D:1)
  An orc (D:3)
  3 ball pythons
  6 bats (D:1)
  An endoplasm (D:1)
  A giant cockroach (D:1)
  4 hobgoblins (D:1)
  A quokka (D:1)
  4 frilled lizards (D:1)
  2 kobolds (D:1)
  4 rats
29 creatures vanquished.

Notes
Turn   | Place    | Note
-------+----------+-------------------------------------------
     0 | D:1      | NeyKoZ the Minotaur Berserker began the quest for the Orb.
     0 | D:1      | Reached XP level 1. HP: 19/19 MP: 0/0
     9 | D:1      | Found a faded altar of an unknown god.
   326 | D:1      | Reached XP level 2. HP: 27/27 MP: 1/1
  1227 | D:2      | Reached XP level 3. HP: 33/33 MP: 2/2
  1282 | D:3      | Noticed Grinder
  1284 | D:3      | Identified the +5 whip "Yhapos" {venom, Str+4 Dex+3}
  1290 | D:3      | Killed from afar by an orc priest

Illustrated notes

Levels and vault maps discovered:
D:1:      minmay_arrival_doors, layout_loops_ring, basic_ecumenical_altar
D:2:      layout_loops_cross, uniq_terence
D:3:      layout_rooms, uniq_grinder, uniq_ijyb

Skill      XL: |  1  2 |
---------------+-------+-----
Maces & Flails | 4 |  4.4
Fighting       | 4 |  4.5
Armour         | |  2.6
Dodging        | |  2.3

Action                     || total
---------------------------++-------
  Melee: Mace              ||    49
         Headbutt          ||     4
         Punch             ||     1
 Armour: Animal skin       ||     4
         Ring mail         ||    11
  Dodge: Dodged            ||    55
